 Dungeon Crawl Stone Soup version 0.24.1 (webtiles) character file.

Game seed: 3531871656696740940, levelgen mode: deterministic

32067 shakethe the Thaumaturge (level 13, 0/99 HPs)
             Began as a Gnoll Wanderer on Mar 18, 2020.
             Was an Elder of Sif Muna.
             Killed by vampiric draining
             ... invoked by a vampire
              (10 damage)
             ... on level 14 of the Dungeon on Mar 23, 2020.
             The game lasted 01:19:09 (18045 turns).

shakethe the Thaumaturge (Gnoll Wanderer)          Turns: 18045, Time: 01:19:09

Health: 0/99       AC: 16    Str: 15    XL:     13   Next: 62%
Magic:  29/39      EV: 18    Int: 26    God:    Sif Muna [****..]
Gold:   787        SH:  0    Dex: 18    Spells: 10/38 levels left

rFire    + . .     SeeInvis .   N - +7 whip of the Apocalypse {protect, *Slow rF+ MR++}
rCold    . . .     Gourm    +   (no shield)
rNeg     . . .     Faith    .   O - +2 robe {Archmagi}
rPois    +         Spirit   .   S - +0 helmet
rElec    .         Reflect  .   i - +1 cloak
rCorr    .         Harm     .   w - +0 pair of gloves
MR       ++...                  (no boots)
Stlth    ++++......             C - amulet of the gourmand
HPRegen  0.26/turn              y - +4 ring of intelligence
MPRegen  0.26/turn              M - ring of Fueboami {*Contam rPois MP+9 Int+2 Dex+4}

@: protection aura
A: distributed training, fangs 1, strong nose
a: Channel Magic, Forget Spell, Divine Exegesis, Renounce Religion


You were on level 14 of the Dungeon.
You worshipped Sif Muna.
Sif Muna was greatly pleased with you.
You were full.

You visited 2 branches of the dungeon, and saw 15 of its levels.

You collected 1047 gold pieces.
You spent 260 gold pieces at shops.

Inventory:

Hand Weapons
 v - a +0 dagger of speed
 x - the +10 dagger "Umilyj Kyso" {drain, rC- Str+2 Int+2 Dex+3}
   (You found it on level 4 of the Dungeon)

   A truly terrible weapon, it drains the life of those it strikes.
   It affects your strength (+2).
   It affects your intelligence (+2).
   It affects your dexterity (+3).
   It makes you vulnerable to cold.
 N - the +7 whip of the Apocalypse (weapon) {protect, *Slow rF+ MR++}
   (You found it on level 9 of the Dungeon)

   It grants its wielder temporary protection when it strikes (+7 to AC).
   It protects you from fire.
   It affects your resistance to hostile enchantments.
   It may slow you when you take damage.
 U - a +3 long sword of holy wrath
Missiles
 e - 15 datura-tipped darts (quivered)
 A - 452 stones
Armour
 i - a +1 cloak (worn)
 w - a +0 pair of gloves (worn)
 O - a +2 robe of the Archmagi (worn)
 S - a +0 helmet (worn)
Jewellery
 t - an uncursed ring of flight
 u - an uncursed ring of stealth
 y - a +4 ring of intelligence (left hand)
 C - an amulet of the gourmand (around neck)
 K - an uncursed ring of protection from cold
 M - the ring of Fueboami (right hand) {*Contam rPois MP+9 Int+2 Dex+4}
   (You found it on level 9 of the Dungeon)

   [ring of intelligence]

   It affects your intelligence (+2).
   It affects your dexterity (+4).
   It protects you from poison.
   It affects your magic capacity (+9).
   It causes magical contamination when unequipped.
 P - an uncursed ring of ice
 T - a +2 ring of strength
Wands
 j - a wand of polymorph (5)
 k - a wand of acid (15)
 o - a wand of random effects (27)
 z - a wand of iceblast (10)
 D - a wand of enslavement (11)
 J - a wand of disintegration (19)
 V - a wand of clouds (4)
 W - a wand of flame (23)
Scrolls
 a - 2 scrolls of enchant weapon
 b - a scroll of fog
 c - 2 scrolls of teleportation
 g - 3 scrolls of identify
 h - 7 scrolls of enchant armour
 l - 4 scrolls of immolation
 q - 3 scrolls of magic mapping
 r - 10 scrolls of remove curse
 s - 5 scrolls of fear
 H - a scroll of vulnerability
 L - a scroll of silence
Potions
 d - a potion of flight
 m - a potion of lignification
 n - a potion of brilliance
 p - a potion of resistance
 B - 4 potions of curing
 E - 2 potions of mutation
 F - a potion of heal wounds
 G - 3 potions of might
 I - 2 potions of haste
 R - a potion of magic
Miscellaneous
 Q - a crystal ball of energy
Comestibles
 f - 37 rations


   Skills:
 + Level 8.3 Fighting
 + Level 8.3 Short Blades
 + Level 8.3 Long Blades
 + Level 8.3 Axes
 + Level 8.3 Maces & Flails
 + Level 8.3 Polearms
 + Level 8.3 Staves
 + Level 8.3 Slings
 + Level 8.3 Bows
 + Level 8.3 Crossbows
 + Level 8.3 Throwing
 + Level 8.3 Armour
 + Level 8.3 Dodging
 + Level 8.3 Stealth
 + Level 8.7 Shields
 + Level 8.3 Unarmed Combat
 + Level 13.4 Spellcasting
 + Level 6.9 Conjurations
 + Level 6.9 Hexes
 + Level 6.9 Charms
 + Level 6.9 Summonings
 + Level 8.9 Necromancy
 + Level 6.9 Translocations
 + Level 6.9 Transmutations
 + Level 6.9 Fire Magic
 + Level 6.9 Ice Magic
 + Level 6.9 Air Magic
 + Level 6.9 Earth Magic
 + Level 6.9 Poison Magic
 + Level 9.1 Invocations
 + Level 8.7 Evocations


You had 10 spell levels left.
You knew the following spells:

 Your Spells              Type           Power        Failure   Level  Hunger
a - Animate Skeleton      Necr           N/A          1%          1    None
b - Pain                  Necr           ####         1%          1    None
c - Regeneration          Chrm/Necr      ######....   1%          3    None
d - Stone Arrow           Conj/Erth      ######       1%          3    None
e - Vampiric Draining     Necr           #######...   1%          3    None
f - Sandblast             Erth           ######       1%          1    None
g - Animate Dead          Necr           N/A          1%          4    None
h - Bolt of Magma         Conj/Fire/Erth ######....   5%          5    ##.....
i - Passwall              Tmut/Erth      ######..     1%          2    None
j - Iskenderun's Battles  Conj/Chrm      ######..     5%          5    ##.....

Your spell library contained the following spells:

 Spells                   Type           Power        Failure   Level  Hunger
 Apportation              Tloc           ######       1%          1    None
 Confusing Touch          Hex            ######       1%          1    None
 Corona                   Hex            ######.      1%          1    None
 Summon Small Mammal      Summ           ####         1%          1    None
 Ensorcelled Hibernation  Hex/Ice        ######       1%          2    None
 Confuse                  Hex            ######..     1%          3    None
 Dazzling Spray           Conj/Hex       ######       1%          3    None
 Ignite Poison            Fire/Tmut/Pois ######..     1%          3    None
 Tukima's Dance           Hex            ######..     1%          3    None
 Petrify                  Tmut/Erth      ######..     1%          4    None
 Lee's Rapid Deconstruct  Erth           ######....   5%          5    ##.....
 Summon Forest            Summ/Tloc      ######....   5%          5    ##.....
 Venom Bolt               Conj/Pois      ######....   5%          5    ##.....
 Iron Shot                Conj/Erth      ######....   28%         6    ####...
 Malign Gateway           Summ/Tloc      ######....   85%         7    ######.
 Orb of Destruction       Conj           ######....   85%         7    ######.
 Spellforged Servitor     Conj/Summ      ######....   85%         7    ######.
 Necromutation            Tmut/Necr      ######....   100%        8    #######


Dungeon Overview and Level Annotations

Branches:
Dungeon (14/15)            Temple (1/1) D:5            Lair (0/6) D:8
    Orc (0/2) D:9          Vaults (0/5) D:13

Altars:
Ashenzari
Cheibriados
Dithmenos
Elyvilon
Fedhas
Gozag
Hepliaklqana
Kikubaaqudgha
Makhleb
Nemelex Xobeh
Okawaru
Qazlal
Ru
Sif Muna
Trog
Uskayaw
Vehumet
Wu Jian
Xom
Yredelemnul
Zin
The Shining One
Beogh

Shops:
D:9 =   D:10 }   D:11 *:


Innate Abilities, Weirdness & Mutations

Your experience applies equally to all skills.
You have very sharp teeth.
Your uncanny sense of smell can sniff out nearby items.


Message History

Something bites you but does no damage.
You whack something! Something hits you but does no damage.
Something bites you.
Something draws strength from your injuries!
You hit something. Your bite misses something.
You hit something but do no damage. Something hits you!
Something barely misses you.
You whack something! You bite something. Something completely misses you.
Something bites you!
Something draws strength from your injuries!
You completely miss something. You punch something. You bite something.
You miss something. Something hits you but does no damage. Something bites you.
Something draws strength from your injuries!
You hit something.
Unholy energy fills the air.
* * * LOW HITPOINT WARNING * * *
You miss something. You hit something. You punch something!
Unholy energy fills the air.
* * * LOW HITPOINT WARNING * * *
You hit something.
Unholy energy fills the air.
You die...

#.# #.# #.#
#######.###########
.................^#
######.#########.#
#.#########.#
.#######.##.....##.#####
......{@.##.###.........
###########.# ####.#####
#.# ##.##### #.#
#...##.. #.# #...##.# ∆
#####)# #...##.#
#.#######...))# #.####.#
#.(........#### #.# #..
#.####.##..# #.# #..


There were no monsters in sight!

Vanquished Creatures
  Frances (D:13)
  Fannar (D:11)
  4 vault guards (D:13)
  Harold (D:8)
  2 hydras
  A centaur warrior (D:13)
  4 two-headed ogres
  An ogre mage (D:13)
  A deep elf archer (D:13)
  An orc knight (D:12)
  2 manticores (D:12)
  A cyclops (D:14)
  Psyche (D:12)
  2 gargoyles
  A yaktaur (D:13)
  An efreet (D:13)
  A komodo dragon (D:11)
  A tengu conjurer (D:13)
  5 trolls
  2 hornets
  3 meliai (D:13)
  Grinder (D:4)
  2 dream sheep (D:12)
  5 hippogriffs
  33 yaks
  2 wraiths
  A human (D:13)
  2 wyverns
  6 sky beasts
  9 orc warriors
  2 black bears
  6 ogres
  A hornet zombie (D:8)
  2 eyes of draining
  An ice beast (D:12)
  2 phantoms
  13 centaurs
  4 big kobolds
  5 bullfrogs
  A wyvern zombie (D:13)
  2 wyvern skeletons
  5 scorpions
  5 killer bees (D:8)
  7 wights (D:6)
  10 howler monkeys
  5 crimson imps
  3 centaur zombies
  3 bullfrog zombies
  7 hounds
  A quasit (D:9)
  5 centaur skeletons
  2 jellies
  11 orc priests
  2 bullfrog skeletons
  11 worker ants
  5 iguanas
  12 orc wizards
  A killer bee zombie (D:9)
  2 hound skeletons
  3 gnolls (D:6)
  13 adders
  3 shadow imps
  An ooze (D:7)
  A dart slug (D:2)
  4 worms
  6 leopard geckos
  42 orcs
  9 bats
  7 giant cockroaches
  8 goblins
  2 hobgoblins (D:1)
  14 jackals
  4 quokkas
  A ball python (D:5)
  3 frilled lizards
  A jackal skeleton (D:7)
  20 kobolds
  4 rats
380 creatures vanquished.

Vanquished Creatures (collateral kills)
  An orc priest (D:9)
  An adder (D:9)
  6 orcs (D:9)
8 creatures vanquished.

Grand Total: 388 creatures vanquished

Notes
Turn   | Place    | Note
-------+----------+-------------------------------------------
     0 | D:1      | Reached skill level 11 in Spellcasting
     0 | D:1      | shakethe the Gnoll Wanderer began the quest for the Orb.
     0 | D:1      | shakethe set off with the following items: a +0 club, a
                  | scroll of teleportation, a +0 robe, a ration; and the
                  | following spells available to memorise: Animate Skeleton,
                  | Pain, Vampiric Draining, Sandblast, Regeneration, Animate
                  | Dead, Stone Arrow
     0 | D:1      | Reached XP level 1. HP: 13/13 MP: 12/12
     2 | D:1      | Learned a level 1 spell: Animate Skeleton
     4 | D:1      | Learned a level 1 spell: Pain
   229 | D:1      | Reached XP level 2. HP: 19/19 MP: 12/14
  1298 | D:2      | Reached XP level 3. HP: 19/25 MP: 13/15
  1566 | D:2      | Reached skill level 1 in Invocations
  1931 | D:2      | Reached skill level 1 in Fighting
  1931 | D:2      | Reached skill level 1 in Short Blades
  1931 | D:2      | Reached skill level 1 in Long Blades
  1931 | D:2      | Reached skill level 1 in Axes
  1931 | D:2      | Reached skill level 1 in Maces & Flails
  1931 | D:2      | Reached skill level 1 in Polearms
  1931 | D:2      | Reached skill level 1 in Staves
  1931 | D:2      | Reached skill level 1 in Slings
  1931 | D:2      | Reached skill level 1 in Bows
  1931 | D:2      | Reached skill level 1 in Crossbows
  1931 | D:2      | Reached skill level 1 in Throwing
  1931 | D:2      | Reached skill level 1 in Armour
  1931 | D:2      | Reached skill level 1 in Dodging
  1931 | D:2      | Reached skill level 1 in Stealth
  1931 | D:2      | Reached skill level 1 in Unarmed Combat
  1936 | D:2      | Learned a level 3 spell: Regeneration
  1961 | D:2      | Reached XP level 4. HP: 31/32 MP: 14/17
  3195 | D:3      | Reached skill level 1 in Conjurations
  3195 | D:3      | Reached skill level 1 in Hexes
  3195 | D:3      | Reached skill level 1 in Charms
  3195 | D:3      | Reached skill level 1 in Summonings
  3195 | D:3      | Reached skill level 1 in Translocations
  3195 | D:3      | Reached skill level 1 in Transmutations
  3195 | D:3      | Reached skill level 1 in Fire Magic
  3195 | D:3      | Reached skill level 1 in Ice Magic
  3195 | D:3      | Reached skill level 1 in Air Magic
  3195 | D:3      | Reached skill level 1 in Earth Magic
  3195 | D:3      | Reached skill level 1 in Poison Magic
  3232 | D:3      | Reached XP level 5. HP: 31/37 MP: 15/18
  3257 | D:3      | Found an ornate altar of the Wu Jian Council.
  4129 | D:4      | Got a jewelled dagger
  4306 | D:4      | Reached XP level 6. HP: 39/44 MP: 15/20
  5087 | D:4      | Noticed Grinder
  5101 | D:4      | Paralysed by Grinder for 6 turns
  5330 | D:5      | Entered Level 5 of the Dungeon
  5370 | D:5      | Learned a level 3 spell: Stone Arrow
  5388 | D:5      | Reached XP level 7. HP: 37/50 MP: 11/21
  5525 | D:5      | Learned a level 3 spell: Vampiric Draining
  5527 | D:5      | Learned a level 1 spell: Sandblast
  5527 | D:5      | Identified the +10 dagger "Umilyj Kyso" {drain, rC- Str+2
                  | Int+2 Dex+3} (You found it on level 4 of the Dungeon)
  5757 | D:5      | Found a staircase to the Ecumenical Temple.
  5795 | Temple   | Entered the Ecumenical Temple
  6036 | Temple   | Became a worshipper of Sif Muna the Loreminder
  6216 | D:5      | Noticed a gargoyle
  6221 | D:5      | Killed a gargoyle
  6221 | D:5      | Reached XP level 8. HP: 31/57 MP: 9/23
  7152 | D:4      | Killed Grinder
  7818 | D:6      | Reached XP level 9. HP: 61/65 MP: 0/24
  8719 | D:7      | Learned a level 4 spell: Animate Dead
  8729 | D:7      | You fall into a shaft and drop 1 floor!
  8732 | D:8      | Reached * piety under Sif Muna
  8870 | D:8      | Reached skill level 5 in Shields
  8870 | D:8      | Reached skill level 5 in Evocations
  9805 | D:8      | Reached skill level 5 in Invocations
  9829 | D:8      | Reached skill level 12 in Spellcasting
 10026 | D:8      | Reached ** piety under Sif Muna
 10029 | D:8      | Reached XP level 10. HP: 69/73 MP: 10/26
 10209 | D:8      | Found a staircase to the Lair.
 10257 | D:8      | Noticed Harold
 10290 | D:8      | Killed Harold
 10290 | D:8      | Reached skill level 5 in Fighting
 10290 | D:8      | Reached skill level 5 in Short Blades
 10290 | D:8      | Reached skill level 5 in Long Blades
 10290 | D:8      | Reached skill level 5 in Axes
 10290 | D:8      | Reached skill level 5 in Maces & Flails
 10290 | D:8      | Reached skill level 5 in Polearms
 10290 | D:8      | Reached skill level 5 in Staves
 10290 | D:8      | Reached skill level 5 in Slings
 10290 | D:8      | Reached skill level 5 in Bows
 10290 | D:8      | Reached skill level 5 in Crossbows
 10290 | D:8      | Reached skill level 5 in Throwing
 10290 | D:8      | Reached skill level 5 in Armour
 10290 | D:8      | Reached skill level 5 in Dodging
 10290 | D:8      | Reached skill level 5 in Stealth
 10290 | D:8      | Reached skill level 5 in Unarmed Combat
 10728 | D:9      | Got a faintly glowing turquoise ring
 10730 | D:9      | Identified the ring of Fueboami {*Contam rPois MP+9 Int+2
                  | Dex+4} (You found it on level 9 of the Dungeon)
 10758 | D:9      | Got a polished whip
 11117 | D:9      | Found a staircase to the Orcish Mines.
 11131 | D:9      | Found a roughly hewn altar of Beogh.
 11156 | D:9      | Learned a level 5 spell: Bolt of Magma
 11759 | D:9      | Found Ydeowos's Jewellery Boutique.
 11963 | D:10     | Entered Level 10 of the Dungeon
 11999 | D:10     | Reached *** piety under Sif Muna
 12216 | D:10     | Noticed a two-headed ogre
 12220 | D:10     | Killed a two-headed ogre
 12220 | D:10     | Reached XP level 11. HP: 81/81 MP: 27/27
 12496 | D:10     | Found Gedial's Gadget Shoppe.
 12502 | D:10     | Bought a crystal ball of energy for 260 gold pieces
 12506 | D:10     | Identified the +7 whip of the Apocalypse {protect, *Slow
                  | rF+ MR++} (You found it on level 9 of the Dungeon)
 12594 | D:10     | Noticed a two-headed ogre
 12603 | D:10     | Killed a two-headed ogre
 12603 | D:10     | Reached skill level 5 in Conjurations
 12603 | D:10     | Reached skill level 5 in Hexes
 12603 | D:10     | Reached skill level 5 in Charms
 12603 | D:10     | Reached skill level 5 in Summonings
 12603 | D:10     | Reached skill level 5 in Translocations
 12603 | D:10     | Reached skill level 5 in Transmutations
 12603 | D:10     | Reached skill level 5 in Fire Magic
 12603 | D:10     | Reached skill level 5 in Ice Magic
 12603 | D:10     | Reached skill level 5 in Air Magic
 12603 | D:10     | Reached skill level 5 in Earth Magic
 12603 | D:10     | Reached skill level 5 in Poison Magic
 13075 | D:11     | Found Suiwext's General Store.
 13440 | D:11     | Reached **** piety under Sif Muna
 13756 | D:11     | Found Niuclagia's Book Boutique.
 13929 | D:11     | Noticed Fannar
 13944 | D:11     | Killed Fannar
 14253 | D:12     | Reached XP level 12. HP: 89/89 MP: 28/28
 14557 | D:12     | Noticed Psyche
 14560 | D:12     | Killed Psyche
 14714 | D:12     | Noticed a two-headed ogre
 14724 | D:12     | Killed a two-headed ogre
 14921 | D:12     | Reached skill level 13 in Spellcasting
 14985 | D:12     | Noticed a three-headed hydra
 14988 | D:12     | Killed a three-headed hydra
 14988 | D:12     | Reached ***** piety under Sif Muna
 15012 | D:12     | Found a stormy altar of Qazlal.
 15016 | D:12     | Identified Sif Muna's Almanac of the Compass and
                  | Transmigration (Sif Muna gifted it to you on level 12 of
                  | the Dungeon)
 15016 | D:12     | Received a gift from Sif Muna
 15030 | D:12     | Learned a level 2 spell: Passwall
 15036 | D:12     | Learned a level 5 spell: Iskenderun's Battlesphere
 15289 | D:13     | Noticed a vault guard
 15298 | D:13     | Noticed a vault guard
 15303 | D:13     | Noticed an ogre mage
 15304 | D:13     | Killed a vault guard
 15332 | D:13     | Killed an ogre mage
 15352 | D:13     | Killed a vault guard
 15576 | D:13     | HP: 3/91 [deep elf archer/arrow (28)]
 15619 | D:12     | Upgraded the game from 0.24.0-125-gc4c63601f3 to 0.24.1
 15844 | D:13     | Reached XP level 13. HP: 51/98 MP: 12/30
 16022 | D:13     | Found a snail-covered altar of Cheibriados.
 16285 | D:13     | Noticed Frances
 16586 | D:13     | Found a gate to the Vaults.
 16586 | D:13     | Noticed a vault guard
 16587 | D:13     | Noticed a vault guard
 16590 | D:13     | Killed a vault guard
 16592 | D:13     | Killed a vault guard
 17290 | D:13     | Killed Frances
 17515 | D:13     | D:13
 18045 | D:14     | Killed from afar by a vampire

Levels and vault maps discovered:
D:1:      dpeg_arrival_ternary, layout_loops_ring, bh_walls_and_bars
D:2:      layout_loops_ring
D:3:      layout_loops_ring, nicolae_overflow_crystal_walls
D:4:      layout_loops_cross, uniq_grinder
D:5:      layout_loops_ring, minmay_temple_entry_proselytizer, first_ration,
          abandoned_shop, minmay_starry_boxes
D:6:      layout_rooms
D:7:      layout_basic
D:8:      layout_basic, lair_entry_dummy, uniq_harold
D:9:      layout_small_grid, minmay_orc_entry_temple_small, serial_shops, shop
D:10:     layout_stronghold, serial_shops, shop
D:11:     layout_roguey, serial_shops, kennysheep_little_box,
          nicolae_shop_stone, uniq_fannar
D:12:     layout_loops_cross, hangedman_ranch [blue_anna_fruit_fields],
          nicolae_qazlal_style_of_elements, uniq_psyche
D:13:     layout_basic, grunt_vaults_entry_fortified, serial_curves,
          eino_curves_02, eino_curves_02, eino_curves_03, enter_bailey_2,
          cheibriados_altar_1, uniq_frances
D:14:     layout_loops_ring, nicolae_sextant, chequers_serial_rivers_room_b
Temple:   roderic_octagonal_lattice_temple

Skill      XL: |  1  2  3  4  5  6  7  8  9 10 11 12 13 |
---------------+----------------------------------------+-----
Spellcasting   | 12 13 | 13.4
Invocations    | 1 2 3 4 5 6 7 8 9 |  9.1
Fighting       | 1 2 3 4 5 6 7 8 |  8.3
Short Blades   | 1 2 3 4 5 6 7 8 |  8.3
Long Blades    | 1 2 3 4 5 6 7 8 |  8.3
Axes           | 1 2 3 4 5 6 7 8 |  8.3
Maces & Flails | 1 2 3 4 5 6 7 8 |  8.3
Polearms       | 1 2 3 4 5 6 7 8 |  8.3
Staves         | 1 2 3 4 5 6 7 8 |  8.3
Slings         | 1 2 3 4 5 6 7 8 |  8.3
Bows           | 1 2 3 4 5 6 7 8 |  8.3
Crossbows      | 1 2 3 4 5 6 7 8 |  8.3
Throwing       | 1 2 3 4 5 6 7 8 |  8.3
Armour         | 1 2 3 4 5 6 7 8 |  8.3
Dodging        | 1 2 3 4 5 6 7 8 |  8.3
Stealth        | 1 2 3 4 5 6 7 8 |  8.3
Unarmed Combat | 1 2 3 4 5 6 7 8 |  8.3
Conjurations   | 1 2 3 4 5 6 |  6.9
Hexes          | 1 2 3 4 5 6 |  6.9
Charms         | 1 2 3 4 5 6 |  6.9
Summonings     | 1 2 3 4 5 6 |  6.9
Translocations | 1 2 3 4 5 6 |  6.9
Transmutations | 1 2 3 4 5 6 |  6.9
Fire Magic     | 1 2 3 4 5 6 |  6.9
Ice Magic      | 1 2 3 4 5 6 |  6.9
Air Magic      | 1 2 3 4 5 6 |  6.9
Earth Magic    | 1 2 3 4 5 6 |  6.9
Poison Magic   | 1 2 3 4 5 6 |  6.9
Shields        | 3 4 5 6 7 8 |  8.7
Evocations     | 3 4 5 6 7 8 |  8.7
Necromancy     | 6 7 8 |  8.9

Action                   |  1- 3 |  4- 6 |  7- 9 | 10-12 | 13-15 || total
-------------------------+-------+-------+-------+-------+-------++-------
Melee: Bite              |     3 |    13 |    10 |    35 |    25 ||    86
       Club              |     1 |       |       |       |       ||     1
       Short sword       |    11 |       |       |       |       ||    11
       Dagger            |     5 |   128 |   100 |   232 |    20 ||   485
       Punch             |       |       |     1 |    11 |     7 ||    19
       Whip              |       |       |       |       |   129 ||   129
 Cast: Pain              |    47 |   107 |       |       |       ||   154
       Animate Skeleton  |       |     3 |       |       |       ||     3
       Regeneration      |       |     6 |     3 |     9 |     2 ||    20
       Stone Arrow       |       |     3 |   119 |    91 |     5 ||   218
       Bolt of Magma     |       |       |       |    58 |    46 ||   104
       Animate Dead      |       |       |       |     6 |       ||     6
       Iskenderun's Batt |       |       |       |     4 |     4 ||     8
       Passwall          |       |       |       |     1 |       ||     1
  Use: Scroll            |     2 |     1 |     9 |     8 |     3 ||    23
       Potion            |       |     4 |     1 |     4 |     1 ||    10
 Stab: Sleeping          |     1 |     1 |     6 |    15 |     4 ||    27
       Distracted        |       |       |       |     1 |       ||     1
  Eat: Chunk             |     2 |     6 |     3 |    31 |     5 ||    47
       Ration            |       |     2 |     3 |       |       ||     5
Armor: Robe              |     1 |    40 |    16 |    41 |    37 ||   135
       Skin              |       |       |    16 |       |       ||    16
Dodge: Dodged            |    16 |   102 |    78 |   197 |   109 ||   502
